 Dungeon Crawl Stone Soup version 0.30-b1-2-g02819fbbbe (webtiles) character file.

Game seed: 2869199376968084855

2608 LLlMATKO the Cleaver (level 9, -4/81 HPs)
             Began as a Minotaur Berserker on May 12, 2023.
             Was a Priest of Trog.
             Slain by Erica
             ... wielding a +4 scimitar of flaming
              (6 damage)
             ... on level 8 of the Dungeon.
             The game lasted 00:05:26 (6884 turns).

LLlMATKO the Cleaver (Minotaur Berserker)           Turns: 6884, Time: 00:05:26

Health: -4/81      AC: 14    Str: 24    XL:     9   Next: 33%
Magic:  8/8        EV:  9    Int:  4    God:    Trog [***...]
Gold:   436        SH:  0    Dex: 12    Spells: 8/8 levels left

rFire   . . .        E - +2 war axe (freeze)
rCold   . . .        (no shield)
rNeg    . . .        D - +0 plate armour
rPois   .            (helmet restricted)
rElec   .            A - +0 cloak
rCorr   .            (no gloves)
SInv    .            (no boots)
Will    .....        (no amulet) Stlth
                     (no ring)
HPRegen 0.33/turn    (no ring)
MPRegen 0.11/turn

%: no passive effects
@: on berserk cooldown, slowed, very slow
A: horns 2, retaliatory headbutt
a: Renounce Religion, Berserk, Trog's Hand


You were on level 8 of the Dungeon.
You worshipped Trog.
Trog was most pleased with you.
You visited 1 branch of the dungeon, and saw 8 of its levels.

You collected 436 gold pieces.

Inventory:

Hand Weapons
 p - a +2 whip of electrocution
 t - a +0 war axe
 u - a +4 sling
 E - a +2 war axe of freezing (weapon)
Missiles
 n - 5 atropa-tipped darts (quivered)
 x - 14 poisoned darts
 C - 3 boomerangs
Armour
 A - a +0 cloak (worn)
 D - a +0 plate armour (worn)
Wands
 m - a wand of digging (5)
 o - a wand of mindburst (10)
 y - a wand of flame (35)
Scrolls
 b - a scroll of brand weapon {unknown}
 c - a scroll of vulnerability {unknown}
 e - a scroll of magic mapping {unknown}
 f - 8 scrolls of identify {unknown}
 k - 2 scrolls of butterflies {unknown}
 q - 4 scrolls of fear {unknown}
 s - 5 scrolls of teleportation {unknown}
 v - 2 scrolls of enchant weapon {unknown}
 F - a scroll of acquirement {unknown}
 G - a scroll of blinking {unknown}
Potions
 a - a potion of heal wounds {unknown}
 d - 3 potions of curing {unknown}
 g - 4 potions of might {unknown}
 h - 2 potions of mutation {unknown}
 i - 3 potions of degeneration {unknown}
 j - a potion of ambrosia {unknown}
 l - a potion of haste
 r - a potion of resistance {unknown}
 w - a potion of flight {unknown}
 z - a potion of attraction {unknown}
 B - 2 potions of cancellation {unknown}


   Skills:
 + Level 8.0 Fighting
 + Level 8.0 Axes
 + Level 4.8 Ranged Weapons
 + Level 7.5 Armour
 + Level 6.8 Dodging


You had 8 spell levels left.
You didn't know any spells.
Your spell library was empty.

Dungeon Overview and Level Annotations

Branches:
Dungeon (8/15)             Temple (0/1) D:6
   Lair: D:8-11

Altars:
Gozag
Makhleb
Sif Muna

Annotations:
D:8 Erica


Innate Abilities, Weirdness & Mutations

You have a pair of horns on your head.
You reflexively headbutt those who attack you in melee.


Message History

Something burns you.
You slice something!! You freeze something. You headbutt something!
You slash something! You freeze something.
You hear some strange, mumbled words.
Something tries to affect you, but you resist.
You closely miss something. Something hits you. Something burns you.
You barely miss something.
You hear some strange, mumbled words.
A bolt of poison appears from out of thin air!
The bolt of poison hits you!
You are poisoned.
You closely miss something. Your headbutt misses something.
You feel very sick.
You hear some strange, mumbled words.
A lance of force appears from out of thin air!
The lance of force hits you!
You are knocked back by the lance of force.
You are no longer berserk.
You are exhausted.
You feel yourself slow down.
You feel sick.
You feel very sick.
You hit something. You freeze something.
You feel sick. Something hits you.
* * * LOW HITPOINT WARNING * * *
Something burns you.
* * * LOW HITPOINT WARNING * * *
You completely miss something. Your headbutt misses something.
You feel sick. Something hits you.
* * * LOW HITPOINT WARNING * * *
Something burns you.
* * * LOW HITPOINT WARNING * * *
Something hits you but does no damage.
You hit something but do no damage.
You feel sick. Something hits you.
* * * LOW HITPOINT WARNING * * *
Something burns you.
* * * LOW HITPOINT WARNING * * *
Something hits you but does no damage.
You slash something! You freeze something.
You feel sick.
You are no longer poisoned.
Something hits you.
You die...

## ###. ...# #..## .
#..### ...######
#...####
........###......####
........{@..........#
..............#####.#
..............#
..............#
..............#
..............# .#
.......!.?....# .#
............††# .#
.......)...####.####


There were no monsters in sight!

Vanquished Creatures
  A wraith (D:5)
  A steam dragon (D:6)
  Edmund (D:4)
  2 water moccasins (D:6)
  2 orc warriors (D:7)
  2 ice beasts
  A black bear (D:4)
  A centaur (D:6)
  A phantom (D:6)
  A bullfrog (D:8)
  10 killer bees (D:8)
  3 howler monkeys (D:7)
  6 hounds
  4 jellies
  Crazy Yiuf (D:5)
  3 orc priests
  2 sleepcaps
  2 iguanas
  3 orc wizards
  Robin (D:4)
  5 adders
  A shadow imp (D:6)
  3 white imps
  2 worms
  12 orcs
  4 endoplasms
  4 giant cockroaches
  9 hobgoblins
  11 jackals
  5 quokkas
  5 ball pythons
  5 bats
  6 frilled lizards
  15 goblins
  7 kobolds
  6 rats
148 creatures vanquished.

Notes
Turn   | Place    | Note
-------+----------+-------------------------------------------
     0 | D:1      | LLlMATKO the Minotaur Berserker began the quest for the
                  | Orb.
     0 | D:1      | Reached XP level 1. HP: 19/19 MP: 0/0
    74 | D:1      | You fall into a shaft and drop 1 floor!
   173 | D:2      | Reached XP level 2. HP: 27/27 MP: 1/1
   487 | D:1      | Reached ** piety under Trog
  1045 | D:2      | Reached XP level 3. HP: 30/33 MP: 2/2
  1752 | D:2      | Reached XP level 4. HP: 37/40 MP: 3/3
  2265 | D:3      | Reached XP level 5. HP: 46/47 MP: 4/4
  2617 | D:3      | Found a faded altar of an unknown god.
  2902 | D:4      | Noticed Edmund
  2910 | D:4      | Killed Edmund
  2911 | D:4      | Reached skill level 5 in Fighting
  2911 | D:4      | Reached skill level 5 in Axes
  2911 | D:4      | Reached XP level 6. HP: 56/56 MP: 5/5
  3399 | D:4      | Reached *** piety under Trog
  3399 | D:4      | Noticed Robin
  3405 | D:4      | Reached skill level 5 in Armour
  3406 | D:4      | Killed Robin
  3407 | D:4      | Reached XP level 7. HP: 62/62 MP: 6/6
  3705 | D:5      | Entered Level 5 of the Dungeon
  3780 | D:5      | Reached skill level 1 in Ranged Weapons
  3885 | D:5      | Found an opulent altar of Gozag.
  3896 | D:5      | Found a shimmering blue altar of Sif Muna.
  4221 | D:5      | Noticed a wraith
  4226 | D:5      | Killed a wraith
  4227 | D:5      | Reached skill level 5 in Dodging
  4285 | D:5      | Found a runed translucent door.
  4286 | D:5      | Noticed Crazy Yiuf
  4618 | D:5      | Killed Crazy Yiuf
  4654 | D:6      | Found a staircase to the Ecumenical Temple.
  4672 | D:6      | Reached XP level 8. HP: 63/71 MP: 7/7
  4755 | D:6      | Found a burning altar of Makhleb.
  5953 | D:7      | Reached XP level 9. HP: 70/79 MP: 8/8
  6865 | D:8      | Noticed Erica
  6883 | D:8      | HP: 3/81 [something (2)]
  6884 | D:8      | Slain by Erica

Illustrated notes

Levels and vault maps discovered:
D:1:      mrwooster_arrival_statue, layout_rooms
D:2:      layout_loops_corners, minivault_14, chequers_avenue,
          minmay_quadrilaterals
D:3:      layout_loops_ring, shapermc_ecumenical_altar_hornbeckon,
          minmay_misc_feat_x
D:4:      layout_basic, wad_floor_pattern_untrapped, uniq_edmund, uniq_robin
D:5:      layout_loops_ring, mainiacjoe_overflow_large_starburst,
          uniq_crazy_yiuf_cottage
D:6:      layout_cave_pods, bloody_makhleb, minmay_temple_entry_gardened_gates
D:7:      layout_loops_corners, hex_large
D:8:      layout_layer_cave, uniq_erica

Skill      XL: |  1  2  3  4  5  6  7  8  9 |
---------------+----------------------------+-----
Axes           | 4 5 6 7 8 |  8.0
Fighting       | 4 5 6 7 8 |  8.0
Armour         | 3 4 5 7 |  7.5
Dodging        | 3 4 5 6 |  6.8
Ranged Weapons | 2 4 |  4.8

Action                     |  1- 3 |  4- 6 |  7- 9 || total
---------------------------+-------+-------+-------++-------
  Melee: Hand axe          |   101 |    41 |       ||   142
         Headbutt          |    10 |    16 |    23 ||    49
         War axe           |       |    65 |   163 ||   228
         Punch             |       |       |     1 ||     1
 Invoke: Berserk           |       |     3 |     6 ||     9
 Armour: Animal skin       |    16 |     2 |       ||    18
         Chain mail        |       |    52 |    50 ||   102
         Plate armour      |       |       |    30 ||    30
  Dodge: Dodged            |    63 |    59 |    89 ||   211
